 Dungeon Crawl Stone Soup version 0.25.0-41-g26779e2 (webtiles) character file.

Game seed: 18357291966363003542

227 Gadfly the Insei (level 5, 0/41 HPs)
             Began as a Draconian Transmuter on July 11, 2020.
             Slain by a river rat (4 damage)
             ... summoned by Eustachio
             ... on level 4 of the Dungeon.
             The game lasted 00:03:59 (3342 turns).

Gadfly the Insei (Draconian Transmuter)             Turns: 3342, Time: 00:03:59

Health: 0/41       AC:  6    Str: 12    XL:     5   Next: 70%
Magic:  2/9        EV: 13    Int: 13    God:
Gold:   171        SH:  0    Dex: 13    Spells: 4/10 levels left

rFire    . . .     SeeInvis .     - Unarmed
rCold    . . .     Gourm    .   (no shield)
rNeg     . . .     Faith    .   (armour unavailable)
rPois    .         Spirit   .   (helmet restricted)
rElec    .         Reflect  .   (no cloak)
rCorr    .         Harm     .   e - +0 pair of gloves
MR       .....                  (no boots)
Stlth    +.........             (no amulet)
HPRegen  0.13/turn              (no ring)
MPRegen  0.11/turn              (no ring)

@: very slightly contaminated
A: unfitting armour, cold-blooded, AC +5
a: no special abilities


You were on level 4 of the Dungeon.
You were hungry.

You visited 1 branch of the dungeon, and saw 4 of its levels.

You collected 171 gold pieces.

Inventory:

Missiles
 a - 63 arrows
Armour
 e - a +0 pair of gloves (worn)
Scrolls
 f - a scroll of enchant armour
 g - 3 scrolls of remove curse
Potions
 b - a potion of heal wounds {unknown}
 d - 2 potions of magic
 h - a potion of curing
 j - a potion of mutation {unknown}
 k - a potion of ambrosia {unknown}
Comestibles
 c - 5 rations
 i - 9 chunks of flesh


   Skills:
 + Level 2.1 Fighting
 * Level 3.0 Dodging
 * Level 4.0 Unarmed Combat
 * Level 3.0 Spellcasting
 * Level 3.3 Transmutations


You had 4 spell levels left.
You knew the following spells:

 Your Spells              Type           Power        Failure   Level  Hunger
a - Beastly Appendage     Tmut           ##....       6%          1    #......
b - Sticks to Snakes      Tmut           ##......     9%          2    ##.....
c - Spider Form           Tmut/Pois      #.........   34%         3    ###....

Your spell library contained the following spells:

 Spells                   Type           Power        Failure   Level  Hunger
 Ice Form                 Ice/Tmut       #.......     75%         4    #####..
 Blade Hands              Tmut           ##........   85%         5    ######.


Dungeon Overview and Level Annotations

Branches:
Dungeon (4/15)
 Temple: D:4-7

Altars:
Ru
Uskayaw
Xom
Zin

Annotations:
D:4 Eustachio


Innate Abilities, Weirdness & Mutations

Your plain brown scales are hard. (AC +5)
You cannot fit into any form of body armour.
You are cold-blooded and may be slowed by cold attacks.


Message History

The bat misses you. The bat hits you but does no damage.
The river rat bites you but does no damage.
Eustachio casts a spell.
Unknown command.
Okay, then.
You feel better. The bat hits you but does no damage. The river rat misses you.
Eustachio hits you but does no damage. The rat closely misses you.
Casting: Spider Form (quite dangerous; 34% risk of failure)
Confirm with . or Enter, or press ? or * to list all spells.
The spell is quite dangerous to cast (34% risk of failure)!
Continue anyway?
You miscast Spider Form.
You are very lightly contaminated with residual magic.
Nothing appears to happen.
The river rat misses you.
Eustachio gestures wildly while chanting.
Eustachio blinks!
The rat bites you but does no damage. The shadow imp gestures at you.
Pain shoots through your body!
* * * LOW HITPOINT WARNING * * *
The river rat bites you.
You die...

#........)<.##
##...÷...##...#
#........#.#.....
#.#.#....#.# #....
#<
#.##.....###....
?.
#..#...#@.......
##
##.##....##....!
####.?§##$####....
.....55.@.........
######rr#b####...
#..........#
#..........#
#..........#
#.....?....#
############


You could see Eustachio (poisoned), a crimson imp (summoned), a river rat
(summoned), a shadow imp (summoned), a bat (summoned) and a rat (summoned).

Vanquished Creatures
  An ogre (D:3)
  An orc priest (D:3)
  4 adders
  A worm (D:3)
  A dart slug (D:2)
  2 leopard geckos
  7 orcs
  A ball python (D:2)
  A giant cockroach (D:1)
  5 goblins
  11 hobgoblins
  8 jackals
  A quokka (D:2)
  2 bats (D:1)
  7 frilled lizards
  5 kobolds
  6 rats
64 creatures vanquished.

Notes
Turn   | Place    | Note
-------+----------+-------------------------------------------
     0 | D:1      | Gadfly the Draconian Transmuter began the quest for the
                  | Orb.
     0 | D:1      | Reached XP level 1. HP: 16/16 MP: 3/3
    61 | D:1      | Reached XP level 2. HP: 2/23 MP: 3/5
   352 | D:1      | Learned a level 2 spell: Sticks to Snakes
  1252 | D:2      | Reached XP level 3. HP: 3/28 MP: 4/6
  1257 | D:2      | Learned a level 3 spell: Spider Form
  2170 | D:2      | Found a hide-covered altar of Uskayaw.
  2376 | D:3      | Reached XP level 4. HP: 35/35 MP: 5/7
  2801 | D:3      | Noticed an ogre
  2809 | D:3      | Killed an ogre
  2809 | D:3      | Reached XP level 5. HP: 41/41 MP: 7/9
  2860 | D:3      | Reached skill level 4 in Unarmed Combat
  3172 | D:3      | Found a sacrificial altar of Ru.
  3175 | D:3      | Found a glowing silver altar of Zin.
  3178 | D:3      | Found a shimmering altar of Xom.
  3311 | D:4      | Noticed Eustachio
  3342 | D:4      | Slain by a river rat

Illustrated notes

Levels and vault maps discovered:
D:1:      lordsloth_arrival_two_stooges, layout_basic
D:2:      layout_basic, marbit_many_paths
D:3:      layout_basic, grunt_temple_overflow_diamond
D:4:      layout_rooms, first_ration, bloody_trog, uniq_eustachio

Skill      XL: |  1  2  3  4  5 |
---------------+----------------+-----
Dodging        | 2 3 |  3.0
Transmutations | 3 |  3.3
Fighting       | 2 |  2.1
Spellcasting   | 3 |  3.0
Unarmed Combat | 4 |  4.0

Action                   |  1- 3 |  4- 6 || total
-------------------------+-------+-------++-------
Melee: Unarmed           |   165 |    82 ||   247
       Kick              |    15 |     7 ||    22
       Headbutt          |     4 |     7 ||    11
       Tailslap          |     7 |     5 ||    12
       Punch             |     1 |     1 ||     2
 Cast: Beastly Appendage |    26 |     7 ||    33
       Spider Form       |       |     1 ||     1
       Sticks to Snakes  |       |     1 ||     1
  Use: Scroll            |     3 |     2 ||     5
       Potion            |       |     3 ||     3
 Stab: Sleeping          |     1 |       ||     1
  Eat: Chunk             |     5 |     3 ||     8
Armor: Skin              |    61 |    37 ||    98
Dodge: Dodged            |   137 |    98 ||   235
